 Dungeon Crawl Stone Soup version 0.32-a0-39-g5c88369fb2 (webtiles) character file.

Game seed: 14025437021628747090

597 Colgate the Cutter (level 7, -7/32 HPs)
             Began as a Vine Stalker Air Elementalist on Feb 5, 2024.
             Mangled by a black bear (9 damage)
             ... on level 6 of the Dungeon.
             The game lasted 00:08:17 (4360 turns).

Colgate the Cutter (Vine Stalker Air Elementalist)  Turns: 4360, Time: 00:08:17

Health: -7/32      AC: 10    Str: 12    XL:     7   Next: 40%
Magic:  0/11       EV:  6    Int: 15    God:
Gold:   231        SH:  0    Dex: 15    Spells: 9/10 levels left

rFire   . . .        b - +0 rapier (elec)
rCold   . . .        (no shield)
rNeg    . . .        w - +0 chain mail
rPois   .            g - +0 helmet
rElec   .            v - +0 cloak
rCorr   .            (no gloves)
SInv    .            (no boots)
Will    .....        (no amulet) Stlth
                     (no ring)
HPRegen 1.05/turn    (no ring)
MPRegen 0.12/turn

%: guardian spirit
@: no status effects
A: fangs 2, regeneration 1, magic shield, antimagic bite, no potion heal 2
a: no special abilities


You were on level 6 of the Dungeon.
You visited 1 branch of the dungeon, and saw 6 of its levels.
You also visited: Ossuary.

You collected 231 gold pieces.

Inventory:

Hand Weapons
 a - a +4 dagger
 b - a +0 rapier of electrocution (weapon)
 x - a +0 dagger
Armour
 g - a +0 helmet (worn)
 v - a +0 cloak (worn)
 w - a +0 chain mail (worn)
Scrolls
 f - 7 scrolls of teleportation {@r3}
 h - 5 scrolls of identify {unknown}
 l - 2 scrolls of fear {unknown}
 m - a scroll of fog {unknown}
 o - 2 scrolls of enchant armour {unknown}
 p - 4 scrolls of brand weapon {unknown}
 q - a scroll of amnesia {unknown}
 s - a scroll of poison {unknown}
 u - 2 scrolls of noise {unknown}
 y - a scroll of revelation {unknown}
 A - a scroll of immolation {unknown}
Potions
 c - 2 potions of lignification {unknown}
 d - a potion of cancellation {unknown}
 e - 2 potions of haste {unknown}
 j - 2 potions of heal wounds {unknown}
 k - 3 potions of magic
 n - 2 potions of curing {unknown}
 r - a potion of enlightenment {unknown}
 t - 2 potions of ambrosia {unknown}
 z - a potion of brilliance {unknown}
 B - 2 potions of mutation {unknown}


   Skills:
 + Level 7.0 Short Blades
 - Level 1.5 Dodging
 - Level 2.4 Stealth
 - Level 2.1 Spellcasting
 - Level 1.0 Conjurations
 - Level 3.0 Air Magic


You had 9 spell levels left.
You knew the following spells:

 Your Spells              Type           Power      Damage    Failure   Level
a - Shock                 Conj/Air       28%        1d4       96%         1

Your spell library contained the following spells:

 Spells                   Type           Power      Damage    Failure   Level
 Static Discharge         Conj/Air       14%        3-4/arc   99%         2
 Swiftness                Air            10%        N/A       99%         3
 Airstrike                Air            5%         2d(1-17)  100%        4


Dungeon Overview and Level Annotations

Branches:
Dungeon (6/15)            Ossuary (visited)
 Temple: D:4-7

Altars:
Nemelex Xobeh
Okawaru
Uskayaw


Innate Abilities, Weirdness & Mutations

You have extremely sharp teeth.
Your natural rate of healing is unusually fast.
When hurt, damage is shared between your health and your magic reserves.
Your bite disrupts and absorbs the magic of your enemies.
Potions cannot restore your health.


Message History

You are too injured to fight recklessly!
A black bear is nearby!
You are too injured to fight recklessly!
A black bear is nearby!
You are too injured to fight recklessly!
A black bear is nearby!
You are too injured to fight recklessly!
A black bear is nearby!
You are too injured to fight recklessly!
A black bear is nearby!
You are too injured to fight recklessly!
A black bear is nearby!
You are too injured to fight recklessly!
A black bear is nearby!
You are too injured to fight recklessly!
A black bear is nearby!
You are too injured to fight recklessly!
A black bear is nearby!
You are too injured to fight recklessly!
A black bear is nearby!
You hit the black bear but do no damage.
Your bite misses the black bear. The black bear bites you!
The black bear claws you.
* * * LOW HITPOINT WARNING * * *
The black bear claws you but does no damage.
You are too injured to fight recklessly!
A black bear is nearby!
You are too injured to fight recklessly!
A black bear is nearby!
You are too injured to fight recklessly!
A black bear is nearby!
You closely miss the black bear. You bite the black bear. You drain its power.
You feel invigorated. The black bear bites you.
* * * LOW HITPOINT WARNING * * *
The black bear claws you.
* * * LOW HITPOINT WARNING * * *
The black bear claws you.
* * * LOW HITPOINT WARNING * * *
You hit the black bear. The black bear bites you!
You die...

##.## .. ##...##
..
...##.....##...
...#.......#..#
....._.....
#.......#
#..h..### ##
#.@.##.##...
####=##..#!...
#.............
..###............
.................
.................
..........>......
#........<.......
###..#.......[...


You could see a black bear (berserk).

Vanquished Creatures
  A scorpion (D:4)
  A burial acolyte (Ossuary)
  2 wights (Ossuary)
  A bombardier beetle (D:5)
  A hound (D:5)
  3 iguanas
  2 sleepcaps
  An orc wizard (D:5)
  A mummy (Ossuary)
  3 adders
  A shadow imp (D:5)
  3 ribbon worms
  3 dart slugs
  6 orcs
  7 ball pythons
  7 endoplasms
  3 giant cockroaches
  10 hobgoblins
  6 jackals (D:1)
  3 quokkas
  4 bats
  3 frilled lizards
  7 gnoll skeletons (Ossuary)
  10 goblins
  4 kobolds
  4 kobold skeletons (Ossuary)
  9 orc skeletons (Ossuary)
  3 rats
109 creatures vanquished.

Notes
Turn   | Place    | Note
-------+----------+-------------------------------------------
     0 | D:1      | Colgate the Vine Stalker Air Elementalist began the quest
                  | for the Orb.
     0 | D:1      | Reached XP level 1. HP: 9/9 MP: 4/4
    37 | D:1      | Reached skill level 1 in Short Blades
   108 | D:1      | Reached XP level 2. HP: 10/13 MP: 4/6
   191 | D:1      | Reached skill level 2 in Short Blades
   199 | D:1      | Found a faded altar of an unknown god.
   250 | D:1      | Reached XP level 3. HP: 16/16 MP: 4/7
  1079 | D:2      | Reached skill level 3 in Short Blades
  1179 | D:2      | Found an iron altar of Okawaru.
  1420 | D:2      | Reached XP level 4. HP: 21/21 MP: 8/8
  2515 | D:4      | Noticed a scorpion
  2525 | D:4      | Killed a scorpion
  2526 | D:4      | Reached skill level 4 in Short Blades
  2526 | D:4      | Reached XP level 5. HP: 7/24 MP: 4/9
  2837 | D:4      | Found a sparkling altar of Nemelex Xobeh.
  3106 | D:5      | Entered Level 5 of the Dungeon
  3110 | D:5      | Reached skill level 5 in Short Blades
  3170 | D:5      | Reached XP level 6. HP: 28/28 MP: 10/10
  3582 | D:5      | Found a sand-covered staircase.
  3591 | Ossuary  | Entered an ossuary
  3643 | Ossuary  | Reached skill level 6 in Short Blades
  3786 | Ossuary  | Found an ancient bone altar of Kikubaaqudgha.
  3889 | Ossuary  | Reached XP level 7. HP: 32/32 MP: 11/11
  4325 | D:6      | Reached skill level 7 in Short Blades
  4348 | D:6      | Found a hide-covered altar of Uskayaw.
  4359 | D:6      | HP: 1/32 [black bear (3)]
  4360 | D:6      | Mangled by a black bear

Illustrated notes

Levels and vault maps discovered:
D:1:      giann_forest_graveyard, layout_rooms,
          shapermc_ecumenical_altar_starsandcircs, wad_floor_pattern_1,
          minmay_hexomino_p4
D:2:      layout_loops_ring, basic_altar
D:3:      layout_basic
D:4:      layout_rooms, nicolae_overflow_hidden_temple, minmay_misc_feat_pillars
D:5:      layout_cave_pools, mainiacjoe_ossuary_entry_dusty_tomb
D:6:      layout_cave_pools, lemuel_round_altar, serial_shops, shop_statue,
          serial_rivers, chequers_serial_rivers_large_b,
          chequers_serial_rivers_small_3, chequers_serial_rivers_micro_c,
          chequers_serial_rivers_room_b

Skill      XL: |  1  2  3  4  5  6  7 |
---------------+----------------------+-----
Short Blades   | 1 2 3 4 5 6 7 |  7.0
Dodging        | |  1.5
Stealth        | |  2.4
Spellcasting   | |  2.1
Conjurations   | |  1.0
Air Magic      | |  3.0

Action                     |  1- 3 |  4- 6 |  7- 9 || total
---------------------------+-------+-------+-------++-------
  Melee: Unarmed           |   157 |       |       ||   157
         Bite              |    56 |    32 |     9 ||    97
         Punch             |     5 |     3 |     1 ||     9
         Dagger            |    40 |       |       ||    40
         Rapier            |       |   138 |    28 ||   166
    Use: Scroll            |       |     1 |       ||     1
   Stab: Sleeping          |     6 |     8 |       ||    14
 Armour: Robe              |   117 |       |       ||   117
         Leather armour    |    17 |    70 |     2 ||    89
         Chain mail        |       |       |    26 ||    26
  Dodge: Dodged            |   131 |    62 |     8 ||   201

Table legend: (Time is in decaauts)
 A = Elapsed time spent in this place.
 B = Non-inter-level travel time spent in this place.
 C = Inter-level travel time spent in this place.
 D = Time resting spent in this place.
 E = Time spent auto-exploring this place.
 F = Levels seen in this place.
 G = Mean time per level.
                   A        B        C        D        E       F      G
               +--------+--------+--------+--------+--------+-----+--------+
         Total |   4344 |   4037 |    307 |    165 |   2874 |   7 |  620.6 |
       Dungeon |   3935 |   3628 |    307 |     77 |   2718 |   6 |  655.8 |
       Ossuary |    408 |    408 |      0 |     88 |    156 |   1 |  408.0 |
               +--------+--------+--------+--------+--------+-----+--------+

Top non-repeatable levels by time:
     D:3: 960 daAuts
     D:1: 858 daAuts
     D:2: 723 daAuts
     D:5: 692 daAuts
     D:4: 659 daAuts
 Ossuary: 408 daAuts
     D:6: 41 daAuts
